 Dungeon Crawl Stone Soup version 0.23.2-30-g0e89c35649 (webtiles) character file.

Game seed: 10432824273257824191

1944 Kairos the Chopper (level 8, -2/72 HPs)
             Began as a Deep Dwarf Fighter on June 7, 2019.
             Slain by Pikel
             ... wielding a +1 whip of electrocution
              (18 damage)
             ... on level 6 of the Dungeon.
             The game lasted 00:09:36 (4727 turns).

Kairos the Chopper (Deep Dwarf Fighter)             Turns: 4727, Time: 00:09:37

Health: -2/72      AC: 21    Str: 22    XL:     8   Next: 98%
Magic:  6/6        EV:  9    Int: 14    God:
Gold:   194        SH: 10    Dex:  7    Spells: 7/7 levels left

rFire    . . .     SeeInvis .   h - +1 hand axe (freeze)
rCold    . . .     Gourm    .   c - +0 shield
rNeg     . . .     Faith    .   d - +6 scale mail of the Depths {Int+5 Dex-5}
rPois    +         Spirit   .   s - +0 helmet
rElec    .         Reflect  .   z - +2 cloak
rCorr    .         Harm     .   (no gloves)
MR       +....                  (no boots)
Stlth    ..........             (no amulet)
HPRegen  0.00/turn              u - ring of poison resistance
MPRegen  0.10/turn              x - +3 ring of protection

@: non-regenerating
A: damage resistance, heal wounds, sense surroundings 1, no regeneration
a: Heal Wounds


You were on level 6 of the Dungeon.
You were very hungry.

You visited 2 branches of the dungeon, and saw 7 of its levels.

You collected 194 gold pieces.

Inventory:

Hand Weapons
 a - a +0 war axe
 h - a +1 hand axe of freezing (weapon)
Armour
 b - a +0 scale mail
 c - a +0 shield (worn)
 d - the +6 scale mail of the Depths (worn) {Int+5 Dex-5}
   (You took it off an orc on level 3 of the Dungeon)

   It affects your intelligence (+5).
   It affects your dexterity (-5).
 j - a +0 chain mail
 s - a +0 helmet (worn)
 v - a scarf of repulsion
 z - a +2 cloak (worn)
Jewellery
 n - an uncursed ring of ice
 p - an uncursed ring of positive energy
 u - a ring of poison resistance (left hand)
 x - a +3 ring of protection (right hand)
Scrolls
 g - 2 scrolls of remove curse
 l - 2 scrolls of fog
 o - 2 scrolls of enchant weapon
 r - 3 scrolls of blinking
 y - 2 scrolls of teleportation
 B - 2 scrolls of enchant armour {unknown}
 C - 2 scrolls of holy word {unknown}
Potions
 e - a potion of heal wounds
 i - a potion of magic {unknown}
 m - a potion of degeneration {unknown}
 q - 3 potions of curing
 t - a potion of mutation
 w - 2 potions of haste
 A - a potion of brilliance {unknown}
Comestibles
 f - 13 rations


   Skills:
 + Level 4.2 Fighting
 + Level 7.9 Axes
 + Level 6.5 Armour
 + Level 3.0 Dodging
 + Level 1.7 Stealth
 + Level 7.3 Shields


You had 7 spell levels left.
You didn't know any spells.
Your spell library was empty.

Dungeon Overview and Level Annotations

Branches:
Dungeon (6/15)             Temple (1/1) D:4

Altars:
Ashenzari
Cheibriados
Elyvilon
Fedhas
Gozag
Hepliaklqana
Kikubaaqudgha
Okawaru
Ru
Sif Muna
Trog
Uskayaw
Wu Jian
Xom
Yredelemnul
Zin
Beogh

Shops:
D:4 }

Annotations:
D:6 Pikel


Innate Abilities, Weirdness & Mutations

You are resistant to damage.
You can heal yourself by infusing magical energy.
You passively map a small area around you.
You do not regenerate.


Message History

Pikel is severely wounded.
Pikel hits you but does no damage.
You barely miss Pikel.
Pikel is severely wounded.
Pikel hits you but does no damage.
You are electrocuted!!
You slash Pikel! You freeze Pikel.
Pikel is almost dead.
Pikel barely misses you.
You hit Pikel but do no damage.
Pikel is almost dead.
Pikel says, "You'll feel the lick of my whip!"
Pikel hits you but does no damage.
You are electrocuted!
* * * LOW HITPOINT WARNING * * *
You closely miss Pikel.
Pikel is almost dead.
You block Pikel's attack.
You hit Pikel but do no damage.
Pikel is almost dead.
Pikel hits you but does no damage.
You are electrocuted!!
You die...

., *####....
*.####......# * * ,
...........# # *
#........## # ,, ,
#.........# # *
,#.###........## ##
, ,#.......#.#...#
#. *
######.##.#.#.###.
,#@#.(.....#.......
#K#.##.######..###
* #p(..#.##.# ##.#
# ,###..#....####.#
# *#..####.K.##.###
, ...# ###.##..##
#... #p###.## ,
,#..#. #.###.## *
####.# #...p..#


You could see Pikel and a slave.

Vanquished Creatures
  Sigmund (D:3)
  The ghost of Men4Frak the Firebug, an amateur HuFE of Makhleb (D:3)
  An orc warrior (D:6)
  A slave (D:6)
  A black bear (D:6)
  An ice beast (D:4)
  A centaur (D:6)
  2 phantoms
  A scorpion (D:6)
  A bullfrog zombie (D:6)
  2 crimson imps
  A centaur zombie (D:6)
  3 hounds
  2 orc priests
  Crazy Yiuf (D:3)
  A jelly (D:5)
  A gnoll shaman (D:5)
  2 bullfrog skeletons
  Natasha (thrice) (D:2)
  5 orc wizards
  3 worker ants
  2 hound zombies (D:6)
  A hound skeleton (D:6)
  3 worker ant zombies (D:6)
  Robin (D:3)
  11 gnolls
  8 adders
  An ooze (D:3)
  An adder skeleton (D:5)
  3 dart slugs (D:1)
  3 leopard geckos
  19 orcs
  2 ball pythons
  9 bats
  4 giant cockroaches
  15 goblins
  11 hobgoblins
  3 jackals (D:3)
  4 quokkas
  5 frilled lizards
  A giant cockroach zombie (D:6)
  A jackal skeleton (D:4)
  7 kobolds
  A leopard gecko skeleton (D:5)
  A quokka zombie (D:6)
  3 rats
155 creatures vanquished.

Notes
Turn   | Place    | Note
-------+----------+-------------------------------------------
     0 | D:1      | Kairos the Deep Dwarf Fighter began the quest for the Orb.
     0 | D:1      | Reached XP level 1. HP: 20/20 MP: 1/1
    49 | D:1      | Reached XP level 2. HP: 14/27 MP: 2/2
   857 | D:2      | Reached XP level 3. HP: 34/34 MP: 3/3
   995 | D:2      | Noticed Natasha
  1004 | D:2      | Killed Natasha
  1036 | D:2      | Reached XP level 4. HP: 32/42 MP: 4/4
  1093 | D:2      | Noticed Natasha
  1102 | D:2      | Killed Natasha
  1188 | D:2      | Noticed Natasha
  1199 | D:2      | Killed Natasha
  1379 | D:2      | Reached XP level 5. HP: 26/49 MP: 5/5
  1462 | D:3      | Noticed Sigmund
  1515 | D:3      | Reached skill level 1 in Dodging
  1729 | D:3      | Killed Sigmund
  1729 | D:3      | Reached skill level 5 in Shields
  1729 | D:3      | Reached XP level 6. HP: 38/56 MP: 6/6
  1863 | D:3      | Noticed Robin
  1877 | D:3      | Killed Robin
  1899 | D:3      | Found a runed translucent door.
  1901 | D:3      | Noticed Crazy Yiuf
  1909 | D:3      | Killed Crazy Yiuf
  1991 | D:3      | Noticed Men4Frak's ghost (amateur HuFE)
  1992 | D:3      | Found a runed translucent gate.
  1992 | D:3      | Found a runed translucent gate.
  1992 | D:3      | Found a runed translucent gate.
  1994 | D:3      | Identified the +6 scale mail of the Depths {Int+5 Dex-5}
  1999 | D:3      | Found a roughly hewn altar of Beogh.
  2034 | D:3      | Reached skill level 5 in Axes
  2051 | D:3      | Killed Men4Frak's ghost
  2051 | D:3      | Reached XP level 7. HP: 50/63 MP: 7/7
  2368 | D:4      | Found Urecloti's Gadget Shoppe.
  2569 | D:4      | Reached skill level 1 in Stealth
  2610 | D:4      | Reached skill level 5 in Armour
  2777 | D:4      | Found a staircase to the Ecumenical Temple.
  2999 | Temple   | Entered the Ecumenical Temple
  3199 | D:5      | Entered Level 5 of the Dungeon
  3743 | D:5      | Reached XP level 8. HP: 37/72 MP: 8/8
  4663 | D:6      | Noticed Pikel
  4727 | D:6      | Slain by Pikel

Skill      XL: |  1  2  3  4  5  6  7  8 |
---------------+-------------------------+-----
Fighting       | 3 4 |  4.2
Shields        | 4 5 6 7 |  7.3
Axes           | 3 4 5 7 |  7.9
Armour         | 4 5 6 |  6.5
Dodging        | 1 3 |  3.0
Stealth        | 1 |  1.7

Action                   |  1- 3 |  4- 6 |  7- 9 || total
-------------------------+-------+-------+-------++-------
Melee: War axe           |    28 |       |       ||    28
       Hand axe          |    55 |   171 |   424 ||   650
 Abil: Heal Wounds       |     1 |     2 |     4 ||     7
  Use: Scroll            |     1 |     1 |     6 ||     8
       Potion            |       |     1 |     1 ||     2
  Eat: Chunk             |       |     4 |     5 ||     9
       Ration            |       |       |     1 ||     1
Armor: Scale mail        |    18 |       |   212 ||   230
       Chain mail        |    18 |    82 |       ||   100
Dodge: Dodged            |    17 |    41 |   139 ||   197
Block: Shield            |    32 |    95 |   215 ||   342
